 Dungeon Crawl Stone Soup version 0.27.1-1-g398f81649c (webtiles) character file.

Game seed: 4299176648016263521

129 wingedge the Shooter (level 5, 0/41 HPs)
             Began as a Human Hunter on Sept 10, 2021.
             Killed by divine providence
             ... invoked by an orc priest
              (10 damage)
             ... on level 3 of the Dungeon.
             The game lasted 00:09:36 (2695 turns).

wingedge the Shooter (Human Hunter)                 Turns: 2695, Time: 00:09:37

Health: 0/41       AC: 10    Str: 13    XL:     5   Next: 35%
Magic:  5/5        EV: 14    Int: 11    God:
Gold:   69         SH:  0    Dex: 14    Spells: 4/4 levels left

rFire    . . .     SeeInvis .   p - +3 dagger (venom)
rCold    + . .     Faith    .   (no shield)
rNeg     + . .     Spirit   .   r - +3 scale mail {rC+}
rPois    .         Reflect  .   j - +0 helmet
rElec    .         Harm     .   (no cloak)
rCorr    .         Rampage  .   (no gloves)
Will     .....                  (no boots)
Stlth    +.........             (no amulet)
HPRegen  0.13/turn              l - +4 ring of evasion
MPRegen  0.09/turn              n - ring of positive energy

@: no status effects
A: no striking features
a: no special abilities


You were on level 3 of the Dungeon.
You visited 1 branch of the dungeon, and saw 3 of its levels.

You collected 69 gold pieces.

Inventory:

Hand Weapons
 a - a +1 shortbow
 h - a +0 trident
 p - a +3 dagger of venom (weapon)
Missiles
 d - 8 arrows
 i - 6 silver javelins (quivered)
Armour
 c - a +0 leather armour
 j - a +0 helmet (worn)
 m - a +0 ring mail
 r - a +3 scale mail of cold resistance (worn)
Jewellery
 l - a +4 ring of evasion (left hand)
 n - a ring of positive energy (right hand)
Scrolls
 f - 3 scrolls of fog {unknown}
 g - 2 scrolls of blinking {unknown}
 k - a scroll of enchant armour {unknown}
 o - 2 scrolls of enchant weapon {unknown}
 q - a scroll of teleportation {unknown}
Potions
 b - a potion of degeneration {unknown}


   Skills:
 + Level 3.0 Fighting
 + Level 1.0 Short Blades
 + Level 4.5 Bows
 + Level 0.5 Armour
 + Level 2.9 Dodging
 - Level 2.3 Stealth


You had 4 spell levels left.
You didn't know any spells.
Your spell library was empty.

Dungeon Overview and Level Annotations

Branches:
Dungeon (3/15)

Altars:


Message History

The orc priest invokes the aid of Beogh against you.
Beogh smites you!
* * * LOW HITPOINT WARNING * * *
Okay, then.
It was a potion of curing.
You feel better. The shadow imp closely misses you.
The orc priest invokes the aid of Beogh against you.
Beogh smites you!
* * * LOW HITPOINT WARNING * * *
You feel better.
The shadow imp shouts, "Leave, thou surly nut-hook whip-jack!"
The shadow imp barely misses you.
You feel better.
The shadow imp hits you but does no damage.
You hit the orc priest.
The orc priest is poisoned.
The orc priest is lightly wounded.
The shadow imp closely misses you.
The orc priest hits you with a +0 hand axe.
You feel better. The shadow imp barely misses you.
The orc priest closely misses you.
You barely miss the orc priest.
The orc priest is lightly wounded.
The shadow imp grinds its teeth.
The shadow imp hits you but does no damage.
You hit the orc priest.
The orc priest is heavily wounded.
You kill the shadow imp!
Your Short Blades skill increases to level 1!
You barely miss the orc priest.
The orc priest is heavily wounded.
The orc priest hits you but does no damage.
The orc hits you but does no damage.
You closely miss the orc priest.
The orc priest is heavily wounded.
The orc priest mumbles some strange prayers to Beogh against you.
Beogh smites you!
* * * LOW HITPOINT WARNING * * *
The orc barely misses you.
The orc priest invokes the aid of Beogh against you.
Beogh smites you!
You die...

. ############### ..
#.))....##....# ...
#.#####.##....# ..l. #.#
#.##....# .....
######.#####.##....#
......###...o.@...<#.##....#
.......).....o.....#.#.....#
......###......###.#.#...###
..... #......# #.#.#...###
.... #......# #.#.......#
### #......# #.###...#.# .
#......# #.###...#.##..
#.>....................
#......###.######..##..


You could see an orc priest (poisoned) and an orc.

Vanquished Creatures
  Terence (D:3)
  2 adders (D:2)
  A shadow imp (D:3)
  A worm (D:2)
  12 orcs (D:3)
  3 ball pythons
  4 endoplasms
  3 giant cockroaches
  6 goblins
  3 hobgoblins
  5 jackals
  A quokka (D:1)
  5 frilled lizards
  6 kobolds
  5 rats
58 creatures vanquished.

Notes
Turn   | Place    | Note
-------+----------+-------------------------------------------
     0 | D:1      | wingedge the Human Hunter began the quest for the Orb.
     0 | D:1      | Reached XP level 1. HP: 16/16 MP: 1/1
   100 | D:1      | Found a faded altar of an unknown god.
   165 | D:1      | Reached XP level 2. HP: 22/22 MP: 2/2
  1169 | D:2      | Reached XP level 3. HP: 26/28 MP: 3/3
  1785 | D:2      | Reached XP level 4. HP: 20/34 MP: 4/4
  2358 | D:3      | Noticed Terence
  2369 | D:3      | Killed Terence
  2532 | D:3      | Reached XP level 5. HP: 40/40 MP: 5/5
  2680 | D:3      | HP: 2/41 [orc priest/divine providence (14)]
  2693 | D:3      | Reached skill level 1 in Short Blades
  2695 | D:3      | Killed from afar by an orc priest

Illustrated notes

Levels and vault maps discovered:
D:1:      dpeg_arrival_three_same_balls, layout_basic,
          hellmonk_ecumenical_altar_lost_god
D:2:      layout_basic, minmay_pentomino_s2
D:3:      layout_basic, nicolae_elyvilon_peaceful_grove, uniq_terence,
          uniq_crazy_yiuf_cottage

Skill      XL: |  1  2  3  4  5 |
---------------+----------------+-----
Stealth        | 2 |  2.3
Fighting       | 3 |  3.0
Short Blades   | 1 |  1.0
Bows           | |  4.5
Armour         | |  0.5
Dodging        | |  2.9

Action                   |  1- 3 |  4- 6 || total
-------------------------+-------+-------++-------
Melee: Trident           |    70 |       ||    70
       Short sword       |    17 |       ||    17
       Dagger            |       |    68 ||    68
 Fire: Shortbow          |    50 |       ||    50
  Use: Potion            |       |     4 ||     4
 Stab: Sleeping          |     3 |     1 ||     4
Armor: Leather armour    |    15 |     1 ||    16
       Scale mail        |       |    12 ||    12
Dodge: Dodged            |    77 |    30 ||   107
